 Dungeon Crawl Stone Soup version 0.28-a0-1199-gef9e1dbd39 (webtiles) character file.

Game seed: 6901448641146393869

0 bearlyready the Sneak (level 1, -4/19 HPs)
             Began as a Minotaur Delver on Dec 20, 2021.
             Slain by an iguana (13 damage)
             ... in the Ecumenical Temple.
             The game lasted 00:00:25 (33 turns).

bearlyready the Sneak (Minotaur Delver)               Turns: 33, Time: 00:00:26

Health: -4/19      AC:  3    Str: 16    XL:     1   Next: 0%
Magic:  0/0        EV: 11    Int:  7    God:
Gold:   0          SH:  0    Dex: 11    Spells: 0/0 levels left

rFire   . . .      SeeInvis .   a - +0 falchion
rCold   . . .      Faith    .   (no shield)
rNeg    . . .      Spirit   .   b - +0 leather armour
rPois   .          Reflect  .   (helmet restricted)
rElec   .          Harm     .   (no cloak)
rCorr   .          Rampage  .   (no gloves)
Will    .....                   (no boots)
Stlth   ++........              (no amulet)
HPRegen 0.06/turn               (no ring)
MPRegen 0.07/turn               (no ring)

@: no status effects
A: horns 2, retaliatory headbutt
a: no special abilities


You were in the Ecumenical Temple.
You visited 2 branches of the dungeon, and saw 2 of its levels.

Inventory:

Hand Weapons
 a - a +0 falchion (weapon)
Armour
 b - a +0 leather armour (worn)
Wands
 g - a wand of digging (3)
Scrolls
 c - a scroll of fog
 d - a scroll of magic mapping
 e - a scroll of fear
Potions
 f - a potion of haste


   Skills:
 - Level 3.6 Fighting
 + Level 2.4 Long Blades
 - Level 2.1 Dodging
 - Level 4.1 Stealth


You couldn't memorise any spells.
You didn't know any spells.
Your spell library was empty.

Dungeon Overview and Level Annotations

Branches:
Dungeon (5/15)             Temple (1/1) D:5

Altars:
Ashenzari
Fedhas
Trog

Shops:
D:5 (


Innate Abilities, Weirdness & Mutations

You have a pair of horns on your head.
You reflexively headbutt those who attack you in melee.


Message History

Welcome, bearlyready the Minotaur Delver.
Below lies the Orb of Zot, rumoured to be powerful enough to resurrect a god...
Press ? for a list of commands and other information.
Found 13 sling bullets.
Found Toebb's Weapon Boutique.
Found a stone staircase leading down.
A gnoll sergeant comes into view. It is wielding a +0 trident.
Found 16 gold pieces.
The gnoll sergeant shouts!
You hear a shout! x4
A gnoll sergeant is nearby!
An orc comes into view.
It is wielding a +0 dagger. 4 gnolls and a gnoll sergeant come into view.
Found an escape hatch in the floor.
An orc wizard comes into view. It is wielding a +0 dagger.
There is a stone staircase leading down here.
The gnoll sergeant hits something with a +0 trident!
You hear a shout!
Found 10 gold pieces.
A gnoll sergeant breaks down the door.
There is an entrance to Toebb's Weapon Boutique here.
An iguana comes into view.
The iguana hisses angrily.
You see here 10 gold pieces.
Found a staircase to the Ecumenical Temple.
The iguana bites you!
Ouch! That really hurt!
There is a staircase to the Ecumenical Temple here.
The iguana barely misses you.
You climb downwards.
Welcome to the Ecumenical Temple!
Found three altars.
There is a staircase back to the Dungeon here.
You closely miss the iguana. The iguana closely misses you.
You closely miss the iguana. The iguana barely misses you.
You hit the iguana but do no damage.
You headbutt the iguana, but do no damage.
The iguana bites you!
Ouch! That really hurt!
You die...

♣≈# ♣≈.
♣≈# #
♣≈..# 8
♣≈#. ...
♣≈. #..._
♣≈#......
♣@l....._
♣≈#......
♣≈. #..._
♣≈#. ...
♣≈..# 8
♣≈# # ♣≈.
♣≈#


You could see an iguana.

Vanquished Creatures (others)
  9 plants (D:5)
9 creatures vanquished.

Notes
Turn   | Place    | Note
-------+----------+-------------------------------------------
     0 | D:5      | bearlyready the Minotaur Delver began the quest for the
                  | Orb.
     0 | D:5      | Reached XP level 1. HP: 19/19 MP: 0/0
     0 | D:5      | Noticed a gnoll sergeant
     2 | D:5      | Noticed a gnoll sergeant
     2 | D:5      | Noticed an orc wizard
    13 | D:5      | Noticed an iguana
    20 | D:5      | Found a staircase to the Ecumenical Temple.
    30 | Temple   | Entered the Ecumenical Temple
    33 | Temple   | Slain by an iguana

Illustrated notes

Levels and vault maps discovered:
D:5:      layout_basic, kiku_gazebo_pond_becter, minmay_temple_entry_grid,
          serial_shops, nicolae_shop_trees, nicolae_grassy_gnolls
Temple:   lightli_temple_of_artemis

Action                   || total
-------------------------++-------
Melee: Falchion          ||     3
       Headbutt          ||     1
Dodge: Dodged            ||     3

Table legend: (Time is in decaauts)
 A = Elapsed time spent in this place.
 B = Non-inter-level travel time spent in this place.
 C = Inter-level travel time spent in this place.
 D = Time resting spent in this place.
 E = Time spent auto-exploring this place.
 F = Levels seen in this place.
 G = Mean time per level.
                   A        B        C        D        E       F      G
               +--------+--------+--------+--------+--------+-----+--------+
         Total |     33 |     33 |      0 |      0 |      0 |   2 |   16.5 |
       Dungeon |     30 |     30 |      0 |      0 |      0 |   1 |   30.0 |
        Temple |      3 |      3 |      0 |      0 |      0 |   1 |    3.0 |
               +--------+--------+--------+--------+--------+-----+--------+

Top non-repeatable levels by time:
     D:5: 30 daAuts
  Temple: 3 daAuts
